 Dungeon Crawl Stone Soup version 0.30-a0-782-ge64f9170bb (webtiles) character file.

Game seed: 3193252271234467431

24 shadizar the Trooper (level 3, -3/24 HPs)
             Began as a Gargoyle Fighter on Mar 18, 2023.
             Killed from afar by an orc wizard (8 damage)
             ... with a puff of flame
             ... on level 1 of the Dungeon.
             The game lasted 00:01:30 (908 turns).

shadizar the Trooper (Gargoyle Fighter)              Turns: 908, Time: 00:01:31

Health: -3/24      AC: 10    Str: 21    XL:     3   Next: 2%
Magic:  3/3        EV:  9    Int:  8    God:
Gold:   99         SH:  4    Dex:  9    Spells: 2/2 levels left

rFire   . . .      SeeInvis .    a - +0 flail
rCold   . . .      Faith    .    c - +0 buckler
rNeg    + . .      Spirit   .    b - +0 scale mail
rPois   ∞          Reflect  .    (no helmet)
rElec   +          Harm     .    (no cloak)
rCorr   .          Rampage  .    (no gloves)
Will    .....                    (no boots) Stlth
                                 (no amulet)
HPRegen 0.24/turn                (no ring)
MPRegen 0.08/turn                (no ring)

@: no status effects
A: sickness immunity, AC +3, negative energy resistance 1, electricity
resistance, torment resistance 1, petrification resistance
a: no special abilities


You were on level 1 of the Dungeon.
You visited 1 branch of the dungeon, and saw 2 of its levels.

You collected 99 gold pieces.

Inventory:

Hand Weapons
 a - a +0 flail (weapon)
 j - a +0 sling
Armour
 b - a +0 scale mail (worn)
 c - a +0 buckler (worn)
Jewellery
 i - a ring of protection from fire
Scrolls
 f - a scroll of vulnerability {unknown}
 g - a scroll of immolation {unknown}
 h - a scroll of amnesia {unknown}
 k - a scroll of magic mapping {unknown}
Potions
 d - a potion of might
 e - 2 potions of curing {unknown}


   Skills:
 * Level 3.7 Fighting
 + Level 2.3 Maces & Flails
 + Level 3.4 Armour
 * Level 0.4 Dodging
 + Level 3.5 Shields


You had 2 spell levels left.
You didn't know any spells.
Your spell library contained the following spells:

 Spells                   Type           Power      Damage    Failure   Level
 Slow                     Hex            0%         N/A       83%         1
 Confusing Touch          Hex            0%         N/A       99%         3
 Vampiric Draining        Necr           0%         2d6       99%         3


Dungeon Overview and Level Annotations

Branches:
Dungeon (2/15)

Altars:


Innate Abilities, Weirdness & Mutations

You are immune to sickness and miasma.
Your stone body is resilient. (AC +3)
You are immune to poison.
You resist negative energy. (rN+)
You are resistant to electric shocks. (rElec)
You are resistant to unholy torment.
You are immune to petrification.


Message History

Something hits you but does no damage.
You hear some strange, mumbled words.
You are confused.
You bump into the rock wall.
You barely miss something. Something hits you.
You bump into the rock wall.
Something hits you.
You bump into the rock wall.
Something hits you.
You're too confused to move!
Something hits you but does no damage. Something hits you but does no damage.
You feel less confused.
You miss something.
You hear some strange, mumbled words.
A puff of flame appears from out of thin air!
You block the puff of flame. Something hits you but does no damage.
You closely miss something. Something hits you but does no damage.
You miss something. Something hits you but does no damage.
You miss something.
You hear some strange, mumbled words.
A puff of flame appears from out of thin air!
The puff of flame hits you but does no damage.
You hear some strange, mumbled words.
Something tries to affect you, but you resist.
You miss something. Something hits you.
You barely miss something.
You hear some strange, mumbled words.
You are confused.
You completely miss something. Something hits you.
Something hits you but does no damage.
You completely miss something. Something hits you.
You bump into the rock wall.
You hear some strange, mumbled words.
A puff of flame appears from out of thin air!
The puff of flame hits you.
* * * LOW HITPOINT WARNING * * *
Something hits you but does no damage.
You feel less confused.
You hear some strange, mumbled words.
A puff of flame appears from out of thin air!
The puff of flame hits you!
You die...

##### #######...####
.............#
#####...#.##.#
#####...#.##.#####
##......#........#
.#.##..#####.###.#####
.......#####.##.@..>.#
.#.###.......##.{###.#
...##.....#####....#.#
.####.....# #.##.#.#
.# #.....# #.##.#.# .#
#.....# #......# ##
#.....#######.#### ##
###.##......#.# .#
#.##.####.#.#


There were no monsters in sight!

Vanquished Creatures
  An orc (D:2)
  3 endoplasms (D:1)
  4 giant cockroaches
  4 hobgoblins
  2 quokkas (D:1)
  A ball python (D:1)
  A bat (D:1)
  A goblin (D:1)
  A kobold (D:1)
  2 rats (D:1)
20 creatures vanquished.

Notes
Turn   | Place    | Note
-------+----------+-------------------------------------------
     0 | D:1      | shadizar the Gargoyle Fighter began the quest for the Orb.
     0 | D:1      | Reached XP level 1. HP: 14/14 MP: 1/1
   145 | D:1      | Reached XP level 2. HP: 13/19 MP: 2/2
   867 | D:2      | Reached XP level 3. HP: 17/24 MP: 3/3
   908 | D:1      | Killed from afar by an orc wizard

Illustrated notes

Levels and vault maps discovered:
D:1:      sevenhm_arrival_forest_fort_small_3, layout_loops_cross
D:2:      layout_basic, serial_shops, nicolae_shop_bloodbath_and_beyond

Action                     || total
---------------------------++-------
  Melee: Flail             ||    86
 Armour: Scale mail        ||    55
  Dodge: Dodged            ||    31
  Block: Buckler           ||    14

Table legend: (Time is in decaauts)
 A = Elapsed time spent in this place.
 B = Non-inter-level travel time spent in this place.
 C = Inter-level travel time spent in this place.
 D = Time resting spent in this place.
 E = Time spent auto-exploring this place.
 F = Levels seen in this place.
 G = Mean time per level.
                   A        B        C        D        E       F      G
               +--------+--------+--------+--------+--------+-----+--------+
         Total |    937 |    911 |     26 |      0 |    649 |   2 |  468.5 |
       Dungeon |    937 |    911 |     26 |      0 |    649 |   2 |  468.5 |
               +--------+--------+--------+--------+--------+-----+--------+

Top non-repeatable levels by time:
     D:1: 745 daAuts
     D:2: 192 daAuts
